 Dungeon Crawl Stone Soup version 0.22.1-1-ga44c0e56f4 (webtiles) character file.

99 PikkenKukken the Magician (level 4, 30/30 HPs)
             Began as a Demonspawn Wizard on Oct 6, 2018.
             Quit the game on level 2 of the Dungeon.
             The game lasted 00:07:05 (2622 turns).

PikkenKukken the Magician (Demonspawn Wizard)       Turns: 2622, Time: 00:07:06

Health: 30/30      AC:  2    Str:  7    XL:     4   Next: 45%
Magic:  10/11      EV: 12    Int: 21    God:
Gold:   65         SH:  0    Dex: 11    Spells: 8/13 levels left

rFire    . . .     SeeInvis .   g - +1 short sword
rCold    . . .     Gourm    .   (no shield)
rNeg     . . .     Faith    .   a - +0 robe
rPois    .         Spirit   .   b - +0 hat
rElec    .         Reflect  .   (no cloak)
rCorr    .         Harm     .   (no gloves)
MR       .....                  (no boots)
Stlth    ++........             (no amulet)
HPRegen  0.10/turn              (no ring)
MPRegen  0.12/turn              (no ring)

@: no status effects
A: powered by pain 1
a: no special abilities


You were on level 2 of the Dungeon.
You were hungry.

You visited 1 branch of the dungeon, and saw 2 of its levels.

You collected 65 gold pieces.

Inventory:

Hand Weapons
 g - a +1 short sword (weapon)
Missiles
 e - 22 sling bullets
 i - 45 stones (quivered)
Armour
 a - a +0 robe (worn)
 b - a +0 hat (worn)
Scrolls
 j - a scroll of enchant weapon
 k - a scroll of identify
Potions
 f - a potion of heal wounds
 h - a potion of lignification {unknown}
Comestibles
 d - 7 rations


   Skills:
 - Level 1.7 Dodging
 - Level 1.7 Stealth
 - Level 5.0 Spellcasting
 - Level 1.0 Conjurations
 - Level 1.0 Summonings
 + Level 0.9 Translocations


You had 8 spell levels left.
You knew the following spells:

 Your Spells              Type           Power        Failure   Level  Hunger
a - Magic Dart            Conj           #...         7%          1    None
b - Blink                 Tloc           N/A          11%         2    None
c - Call Imp              Summ           #.......     11%         2    None

Your spell library contained the following spells:

 Spells                   Type           Power        Failure   Level  Hunger
 Slow                     Hex            #.......     16%         2    None
 Conjure Flame            Conj/Fire      #.......     26%         3    ##.....
 Mephitic Cloud           Conj/Pois/Air  #.......     28%         3    ##.....


Dungeon Overview and Level Annotations

Branches:
Dungeon (2/15)

Altars:
Nemelex Xobeh
Sif Muna
Zin


Innate Abilities, Weirdness & Mutations

You sometimes gain a little power by taking damage.


Message History

A rat comes into view.
A rat is nearby!
Casting: Call Imp (safe; 11% risk of failure)
Confirm with . or Enter, or press ? or * to list all spells.
Aiming: Magic Dart (safe; 7% risk of failure)
Press: ? - help, Shift-Dir - straight line, f - rat
Aim: a rat (resting)
The magic dart hits the rat.
Casting: Magic Dart (safe; 7% risk of failure)
Confirm with . or Enter, or press ? or * to list all spells.
Aiming: Magic Dart (safe; 7% risk of failure)
Press: ? - help, Shift-Dir - straight line, f/p - rat
Aim: a rat The magic dart hits the rat.
You kill the rat!
Casting: Magic Dart (safe; 7% risk of failure)
Confirm with . or Enter, or press ? or * to list all spells.
You can't see any susceptible monsters within range! (Use Z to cast anyway.)
You are feeling hungry.
Are you sure you want to abandon this character and quit the game? (Confirm

#..####### ##.## ## #.##
#..#### .######.# ##....##
..#.....# ##.....## #.......#
#.......# ###....## #.......#
#....# #.......# ######.#
#############.....##
.....#..........@..........##
..#..################.......#
...._# #.......# ..#..#
#.......# .....# ##.....##
###### ##...## #####


There were no monsters in sight!

Vanquished Creatures
  A howler monkey (D:2)
  2 oozes
  A worm (D:2)
  2 dart slugs
  2 leopard geckos (D:1)
  A ball python (D:1)
  4 goblins
  2 hobgoblins
  5 bats
  6 kobolds
  3 rats
29 creatures vanquished.

Vanquished Creatures (collateral kills)
  4 adders (D:2)
  A leopard gecko (D:2)
  A giant cockroach (D:2)
  A rat (D:1)
7 creatures vanquished.

Grand Total: 36 creatures vanquished

Notes
Turn   | Place    | Note
-------+----------+-------------------------------------------
     0 | D:1      | PikkenKukken the Demonspawn Wizard began the quest for the
                  | Orb.
     0 | D:1      | Reached XP level 1. HP: 13/13 MP: 4/4
     0 | D:1      | Noticed a merfolk zombie
     0 | D:1      | Noticed a troll
     1 | D:1      | Noticed a centaur
     3 | D:1      | Noticed a formicid
     7 | D:1      | Noticed an octopode
    10 | D:1      | Noticed a vine stalker
    16 | D:1      | Noticed a formicid
    16 | D:1      | Noticed a troll
    16 | D:1      | Noticed a felid
    18 | D:1      | Noticed a ghoul
   481 | D:1      | Gained mutation: You sometimes gain a little power by
                  | taking damage. [demonic ancestry]
   481 | D:1      | Reached XP level 2. HP: 19/19 MP: 0/6
   485 | D:1      | Learned a level 2 spell: Blink
   488 | D:1      | Learned a level 2 spell: Call Imp
  1512 | D:2      | Reached skill level 4 in Spellcasting
  1593 | D:2      | Reached XP level 3. HP: 24/24 MP: 3/8
  1941 | D:2      | Found a sparkling altar of Nemelex Xobeh.
  2298 | D:2      | Reached skill level 5 in Spellcasting
  2298 | D:2      | Reached XP level 4. HP: 14/30 MP: 6/11
  2481 | D:2      | Found a deep blue altar of Sif Muna.
  2519 | D:2      | Found a glowing silver altar of Zin.
  2622 | D:2      | Quit the game

Skill      XL: |  1  2  3 |
---------------+----------+-----
Spellcasting   | 4 5 |  5.0
Dodging        | |  1.7
Stealth        | |  1.7
Conjurations   | |  1.0
Summonings     | |  1.0
Translocations | |  0.9

Action                   |  1- 3 |  4- 6 || total
-------------------------+-------+-------++-------
Melee: Unarmed           |     5 |       ||     5
       Short sword       |    44 |       ||    44
 Cast: Magic Dart        |    51 |     2 ||    53
       Call Imp          |    16 |       ||    16
       Blink             |     1 |       ||     1
  Use: Scroll            |     7 |       ||     7
  Eat: Chunk             |     4 |     1 ||     5
Armor: Robe              |     6 |       ||     6
Dodge: Dodged            |    35 |       ||    35
